 Dungeon Crawl Stone Soup version 0.27-a0-1060-gcb85b5eba1 (webtiles) character file.

Game seed: 5009715459503104865

82 senseless the Skirmisher (level 4, 0/41 HPs)
             Began as a Minotaur Fighter on Apr 21, 2021.
             Slain by an orc wizard
             ... wielding a +0 dagger
              (2 damage)
             ... on level 3 of the Dungeon.
             The game lasted 00:02:41 (1925 turns).

senseless the Skirmisher (Minotaur Fighter)         Turns: 1925, Time: 00:02:43

Health: 0/41       AC:  7    Str: 22    XL:     4   Next: 21%
Magic:  3/3        EV:  7    Int:  5    God:
Gold:   28         SH:  9    Dex:  9    Spells: 3/3 levels left

rFire    . . .     SeeInvis .   a - +0 long sword
rCold    . . .     Faith    .   c - +0 kite shield
rNeg     . . .     Spirit   .   b - +0 scale mail
rPois    .         Reflect  .   (helmet restricted)
rElec    .         Harm     .   (no cloak)
rCorr    .         Rampage  .   (no gloves)
Will     .....                  (no boots)
Stlth    ..........             (no amulet)
HPRegen  0.13/turn              (no ring)
MPRegen  0.08/turn              (no ring)

@: lethally poisoned (0 -> -4)
A: horns 2, retaliatory headbutt
a: no special abilities


You were on level 3 of the Dungeon.
You visited 1 branch of the dungeon, and saw 3 of its levels.

You collected 28 gold pieces.

Inventory:

Hand Weapons
 a - a +0 long sword (weapon)
 j - a +0 great sword
Armour
 b - a +0 scale mail (worn)
 c - a +0 kite shield (worn)
Jewellery
 g - a ring of magical power
Scrolls
 e - 4 scrolls of identify
 f - a scroll of amnesia
Potions
 d - a potion of might
 h - a potion of berserk rage
 i - a potion of brilliance


   Skills:
 * Level 4.8 Fighting
 + Level 3.2 Long Blades
 + Level 4.2 Armour
 + Level 4.2 Shields


You had 3 spell levels left.
You didn't know any spells.
Your spell library was empty.

Dungeon Overview and Level Annotations

Branches:
Dungeon (3/15)

Altars:


Innate Abilities, Weirdness & Mutations

You have a pair of horns on your head.
You reflexively headbutt those who attack you in melee.


Message History

You feel less confused.
You feel sick. The orc hits you with a +0 club. You block the adder's attack.
The orc wizard gestures at you while chanting.
You are confused.
The orc hits you but does no damage. The adder barely misses you.
You barely miss the adder.
You feel sick. The orc wizard completely misses you.
The adder closely misses you. The orc hits you but does no damage.
The orc wizard hits you but does no damage.
The adder bites you but does no damage.
You bump into the rock wall.
You feel sick. The orc hits you with a +0 club.
The orc wizard hits you with a +0 dagger.
The adder barely misses you.
You bump into the rock wall.
You feel sick. The orc completely misses you. The adder closely misses you.
The orc wizard hits you with a +0 dagger.
You miss the adder. Your headbutt misses the adder.
You feel sick.
You are no longer poisoned.
The adder closely misses you. The orc hits you but does no damage.
The orc wizard hits you with a +0 dagger.
The adder bites you. The orc hits you but does no damage.
You barely miss the adder. Your headbutt misses the adder.
You feel less confused. You block the orc wizard's attack.
The adder barely misses you. You furiously retaliate!
You headbutt the adder. The orc hits you with a +0 club.
* * * LOW HITPOINT WARNING * * *
The adder bites you.
* * * LOW HITPOINT WARNING * * *
You are poisoned.
The adder poisons you!
The orc wizard hits you with a +0 dagger.
* * * LOW HITPOINT WARNING * * *
You closely miss the adder. You headbutt the adder!
You kill the adder!
* * * LOW HITPOINT WARNING * * *
You feel very sick. The orc hits you with a +0 club.
* * * LOW HITPOINT WARNING * * *
The orc wizard hits you with a +0 dagger.
You die...

### .. #####.#
.......
.......##
?.......#
......o@##
......o..#
......)#.##
.......#..#
.......##.#
#########.####
#.........#
#.#####.#.#
#...# .# #


You could see an orc wizard and an orc.

Vanquished Creatures
  An orc wizard (D:3)
  2 adders
  A white imp (D:2)
  A dart slug (D:1)
  5 orcs (D:3)
  3 bats
  4 endoplasms
  A giant cockroach (D:2)
  3 hobgoblins
  3 kobolds
  3 quokkas
  2 ball pythons
  2 frilled lizards
  2 goblins (D:1)
  2 rats (D:1)
35 creatures vanquished.

Notes
Turn   | Place    | Note
-------+----------+-------------------------------------------
     0 | D:1      | senseless the Minotaur Fighter began the quest for the Orb.
     0 | D:1      | Reached XP level 1. HP: 19/19 MP: 0/0
   347 | D:1      | Reached XP level 2. HP: 27/27 MP: 1/1
   396 | D:1      | Found a faded altar of an unknown god.
  1030 | D:2      | Reached XP level 3. HP: 25/33 MP: 2/2
  1917 | D:3      | Reached XP level 4. HP: 34/41 MP: 3/3
  1925 | D:3      | HP: 2/41 [orc/+0 club (3)]
  1925 | D:3      | Slain by an orc wizard

Illustrated notes

Levels and vault maps discovered:
D:1:      beargit_arrival_diablo_church, layout_basic,
          shapermc_ecumenical_altar_venn
D:2:      layout_loops_ring
D:3:      layout_basic, serial_shops, nicolae_shop_stone, nrook_campfire

Skill      XL: |  1  2  3 |
---------------+----------+-----
Fighting       | 4 |  4.8
Armour         | 4 |  4.2
Shields        | 4 |  4.2
Long Blades    | 3 |  3.2

Action                   |  1- 3 |  4- 6 || total
-------------------------+-------+-------++-------
Melee: Long sword        |    85 |     6 ||    91
       Headbutt          |    12 |     1 ||    13
  Use: Scroll            |     5 |       ||     5
Armor: Scale mail        |    36 |    10 ||    46
Dodge: Dodged            |    24 |     9 ||    33
Block: Kite shield       |    47 |     2 ||    49
       Rpst.: Long sword |     8 |       ||     8

Table legend: (Time is in decaauts)
 A = Elapsed time spent in this place.
 B = Non-inter-level travel time spent in this place.
 C = Inter-level travel time spent in this place.
 D = Time resting spent in this place.
 E = Time spent auto-exploring this place.
 F = Levels seen in this place.
 G = Mean time per level.
                   A        B        C        D        E       F      G
               +--------+--------+--------+--------+--------+-----+--------+
         Total |   1967 |   1815 |    152 |      0 |   1586 |   3 |  655.7 |
       Dungeon |   1967 |   1815 |    152 |      0 |   1586 |   3 |  655.7 |
               +--------+--------+--------+--------+--------+-----+--------+

Top non-repeatable levels by time:
     D:2: 921 daAuts
     D:1: 903 daAuts
     D:3: 142 daAuts
